 Dungeon Crawl Stone Soup version 0.31-a0-360-gb3e1d13bf4 (webtiles) character file.

Game seed: 16333864560134627726

29 freelancePsychic the Trooper (level 3, 39/39 HPs)
             Began as an Ogre Wanderer on July 26, 2023.
             Quit the game on level 1 of the Dungeon.
             The game lasted 00:01:26 (559 turns).

freelancePsychic the Trooper (Ogre Wanderer)         Turns: 559, Time: 00:01:27

Health: 39/39      AC:  3    Str: 16    XL:     3   Next: 16%
Magic:  3/3        EV:  8    Int:  9    God:
Gold:   17         SH: 11    Dex: 14    Spells: 2/2 levels left

rFire   . . .        a - +1 short sword
rCold   . . .        b - +2 kite shield
rNeg    + . .        d - +0 robe
rPois   .            (helmet restricted)
rElec   .            (no cloak)
rCorr   .            (gloves unavailable)
SInv    .            (boots unavailable)
Will    .....        (no amulet)
Stlth   +            l - ring of positive energy
HPRegen 0.26/turn    (no ring)
MPRegen 0.08/turn

%: no passive effects
@: no status effects
A: large, unfitting armour, tough skin 1
a: no special abilities


You were on level 1 of the Dungeon.
You visited 1 branch of the dungeon, and saw 1 of its levels.

You collected 17 gold pieces.

Inventory:

Hand Weapons
 a - a +1 short sword (weapon)
Armour
 b - a +2 kite shield (worn)
 d - a +0 robe (worn)
Jewellery
 l - a ring of positive energy (left hand)
Scrolls
 c - a scroll of fear
 f - a scroll of blinking
 h - a scroll of noise
 m - a scroll of identify {@r1}
Potions
 e - 2 potions of might
 g - a potion of haste {unknown}
 i - a potion of berserk rage {unknown}
 j - a potion of resistance {unknown}
 k - a potion of invisibility {unknown}


   Skills:
 + Level 3.8 Fighting
 - Level 1.8 Short Blades
 - Level 1.7 Dodging
 + Level 3.6 Shields
 - Level 1.0 Evocations


You had 2 spell levels left.
You didn't know any spells.
Your spell library was empty.

Dungeon Overview and Level Annotations

Branches:
Dungeon (1/15)

Altars:

Shops:
D:1 =


Innate Abilities, Weirdness & Mutations

You are too large for most types of armour.
You have tough skin. (AC +1)


Message History

An endoplasm is nearby!
An endoplasm is nearby!
A hobgoblin comes into view.
The hobgoblin shouts!
The endoplasm quivers.
You hit the endoplasm.
You kill the endoplasm!
The hobgoblin hits you.
You barely miss the hobgoblin.
The hobgoblin hits you but does no damage.
You barely miss the hobgoblin.
The hobgoblin hits you but does no damage.
You hit the hobgoblin.
The hobgoblin is moderately wounded.
The hobgoblin closely misses you. You block the hobgoblin's attack.
You hit the hobgoblin.
The hobgoblin is heavily wounded.
You block the hobgoblin's attack.
You hit the hobgoblin.
You kill the hobgoblin!
No target in view!
No target in view!
No target in view!
No target in view!
No target in view!
No target in view!
No target in view!
No target in view!
No target in view!
No target in view!
No target in view!
No target in view!
No target in view!
No target in view!
No target in view!
No target in view!
No target in view!
Autopickup is now off.
Unknown command.
Are you sure you want to abandon this character and quit the game? (Confirm with "yes".)

##############
##............##
#.......@†.....#
#.#....##~#....#
#.#..###~≈# ..#
#.#..~≈≈≈#≈ #
#.#.##≈#≈≈≈≈
#.#.#≈≈≈≈≈≈#≈
#########.#.≈≈≈≈≈≈≈≈≈#
............##≈#≈#≈≈ #
.#.#####..#..# ≈≈≈≈≈


There were no monsters in sight!

Vanquished Creatures
  4 endoplasms (D:1)
  3 giant cockroaches (D:1)
  4 goblins (D:1)
  A hobgoblin (D:1)
  A kobold (D:1)
  2 quokkas (D:1)
  6 ball pythons (D:1)
  A bat (D:1)
  A frilled lizard (D:1)
  A rat (D:1)
24 creatures vanquished.

Vanquished Creatures (others)
  A quokka (D:1)
  A ball python (D:1)
2 creatures vanquished.

Grand Total: 26 creatures vanquished

Notes
Turn   | Place    | Note
-------+----------+-------------------------------------------
     0 | D:1      | freelancePsychic the Ogre Wanderer began the quest for the
                  | Orb.
     0 | D:1      | freelancePsychic set off with the following items: a +1
                  | short sword, a +2 kite shield, a scroll of fear, a +0 robe.
     0 | D:1      | Reached XP level 1. HP: 22/22 MP: 1/1
    85 | D:1      | Reached XP level 2. HP: 27/31 MP: 2/2
   500 | D:1      | Found Jiomelipn's Jewellery Shoppe.
   514 | D:1      | Reached XP level 3. HP: 39/39 MP: 3/3
   559 | D:1      | Quit the game

Illustrated notes

Levels and vault maps discovered:
D:1:      lightli_iron_boxes, layout_basic, serial_shops,
          nicolae_shop_gaudy_bauble, kennysheep_doodads, minivault_4,
          lemuel_flame_loot_1

Skill      XL: |  1 |
---------------+----+-----
Fighting       | 3 |  3.8
Short Blades   | |  1.8
Dodging        | |  1.7
Shields        | |  3.6
Evocations     | |  1.0

Action                     || total
---------------------------++-------
  Melee: Short sword       ||    88
    Use: Scroll            ||     3
   Stab: Sleeping          ||     2
 Armour: Robe              ||    14
  Dodge: Dodged            ||    22
  Block: Kite shield       ||    42

Table legend: (Time is in decaauts)
 A = Elapsed time spent in this place.
 B = Non-inter-level travel time spent in this place.
 C = Inter-level travel time spent in this place.
 D = Time resting spent in this place.
 E = Time spent auto-exploring this place.
 F = Levels seen in this place.
 G = Mean time per level.
                   A        B        C        D        E       F      G
               +--------+--------+--------+--------+--------+-----+--------+
         Total |    566 |    566 |      0 |      0 |    365 |   1 |  566.0 |
       Dungeon |    566 |    566 |      0 |      0 |    365 |   1 |  566.0 |
               +--------+--------+--------+--------+--------+-----+--------+

Top non-repeatable levels by time:
     D:1: 566 daAuts
